AoeStats
← dong

Arabia

510209768Analyzed
2v2 RM · 12h ago on Sep 30, 2026· 40m 18s· 4 players
Game mode
Random Map
Map size
Medium (4 player)
Population
200
Speed
Normal
Resources
Standard
Victory
Conquest
Starting age
Dark Age
Ending age
Imperial Age
RankedLock teamsTeams togetherTeam positionsShared explorationLock speedFull tech treeHidden civsTurbo modeCheats
Victory
Defeat
🇺🇸 Varangians · United States
1148
+13
🇺🇸 Saxons · United States
1116
+14
🇺🇸 Varangians · United States
1089
-14
🇺🇸 Danes · United States
1073
-13
Hughes80
5:41 Loom
11:07 Feudal Age
11:09 Man-at-Arms
12:02 Double-Bit Axe
12:22 Horse Collar
17:27 Forging
23:40 Castle Age
23:36 Scale Mail Armor
24:38 Squires
24:01 Long Swordsman
26:10 Iron Casting
32:29 Chain Mail Armor
33:09 Scale Barding Armor
33:18 Scale Barding Armor
36:10 Bloodlines
36:42 Heavy Plow
mikeshift1
7:59 Loom
10:12 Feudal Age
10:40 Double-Bit Axe
12:36 Double-Bit Axe
13:59 Bloodlines
22:25 Forging
24:20 Castle Age
22:33 Forging
24:10 Scale Barding Armor
23:56 Horse Collar
29:54 Chain Barding Armor
36:45 Wheelbarrow
dong
6:52 Loom
11:14 Feudal Age
11:51 Double-Bit Axe
12:21 Gold Mining
12:09 Man-at-Arms
12:41 Horse Collar
16:37 Arson
18:05 Scale Mail Armor
22:21 Castle Age
20:55 Forging
22:22 Long Swordsman
22:50 Gambesons
23:22 Chain Mail Armor
23:45 Wheelbarrow
23:33 Squires
23:48 Bow Saw
26:00 Heavy Plow
30:33 Fletching
31:06 Padded Archer Armor
32:55 Iron Casting
35:53 Imperial Age
33:50 Ballistics
33:37 Thumb Ring
33:45 Stone Mining
33:54 Bodkin Arrow
34:14 Leather Archer Armor
36:08 Capped Ram
36:14 Cranequins
37:02 Bracer
38:05 Chemistry
39:38 Siege Ram
一杯茶
6:24 Loom
10:12 Feudal Age
10:23 Man-at-Arms
14:16 Horse Collar
16:37 Arson
21:57 Castle Age
20:47 Scale Barding Armor
22:01 Forging
28:05 Fletching
28:48 Bloodlines
31:18 Bodkin Arrow
34:01 Padded Archer Armor
36:52 Chain Barding Armor
43:23 Imperial Age
Connection lost

Rejoining the realm…

Still unreachable

The connection could not be restored.

Session expired

The server has moved on; the page needs a fresh start.